 Dungeon Crawl Stone Soup version 0.21.0 (webtiles) character file.

136922 Megalobster the Severer (level 16, -6/223 HPs)
             Began as a Minotaur Berserker on Jan 7, 2018.
             Was a High Priest of Trog.
             Mangled by the 24-headed Lernaean hydra (12 damage)
             ... on level 4 of the Swamp.
             The game lasted 01:49:35 (27169 turns).

Megalobster the Severer (Minotaur Berserker)       Turns: 27169, Time: 01:49:36

Health: -6/223     AC: 18    Str: 34    XL:     16   Next: 67%
Magic:  22/22      EV: 25    Int:  4    God:    Trog [*****.]
Gold:   1991       SH:  6    Dex: 16    Spells: 15/15 levels left

rFire    + + +     SeeInvis .   a - +4 battleaxe of Surr {flame, +Blink rPois Dex+4 Stlth+}
rCold    . . .     Gourm    .   (shield currently unavailable)
rNeg     . . .     Faith    .   x - +0 scale mail of the Black Skies {rPois rF+++ MR- Str+2}
rPois    +         Spirit   .   v - +1 hat
rElec    .         Reflect  +   w - +0 cloak
rCorr    .         Harm     .   g - +1 pair of gloves
MR       +++..                  m - +1 pair of boots
Stlth    ..........             i - +6 amulet of reflection
HPRegen  1.47/turn              P - ring of protection from magic
MPRegen  0.18/turn              C - +4 ring of evasion

@: berserking, lethally poisoned (-6 -> -6), regenerating, very quick
A: retaliatory headbutt, horns 2
a: Berserk, Trog's Hand, Brothers in Arms, Burn Spellbooks, Renounce Religion,
Evoke Blink


You were on level 4 of the Swamp.
You worshipped Trog.
Trog was extremely pleased with you.
You were not hungry.

You visited 4 branches of the dungeon, and saw 27 of its levels.
You also visited: Volcano.

You collected 2572 gold pieces.
You spent 581 gold pieces at shops.

Inventory:

Hand Weapons
 a - the +4 battleaxe of Surr (weapon) {flame, +Blink rPois Dex+4 Stlth+}
   (You found it on level 7 of the Dungeon)

   It has been specially enchanted to burn those struck by it, causing extra
   injury to most foes and up to half again as much damage against particularly
   susceptible opponents.
   Big, fiery blades are also staple armaments of hydra-hunters.
   It affects your dexterity (+4).
   It protects you from poison.
   It lets you blink.
   It makes you more stealthy.
 b - a +6 antimagic executioner's axe
Missiles
 j - 2 javelins of returning
 n - 39 tomahawks (quivered)
 o - 13 tomahawks of returning
Armour
 g - a +1 pair of gloves (worn)
 m - a +1 pair of boots (worn)
 s - a +1 pair of gloves
 v - a +1 hat (worn)
 w - a +0 cloak (worn)
 x - the +0 scale mail of the Black Skies (worn) {rPois rF+++ MR- Str+2}
   (You found it on level 4 of the Dungeon)

   It affects your strength (+2).
   It renders you almost immune to fire.
   It protects you from poison.
   It affects your resistance to hostile enchantments.
 W - the +6 scale mail "Laki" {rF+}
   (You found it on level 4 of the Lair of Beasts)

   It protects you from fire.
Jewellery
 i - a +6 amulet of reflection (around neck)
 p - an uncursed ring of see invisible
 C - a +4 ring of evasion (right hand)
 P - a ring of protection from magic (left hand)
Wands
 r - a wand of acid (10)
 t - a wand of enslavement (17)
 y - a wand of iceblast (8)
 D - a wand of disintegration (16)
 S - a wand of paralysis (26)
 V - a wand of clouds (11)
Scrolls
 d - 7 scrolls of identify
 f - 8 scrolls of teleportation
 A - a scroll of fear
 B - 3 scrolls of magic mapping
 F - 3 scrolls of enchant armour
 L - a scroll of enchant weapon
 N - 2 scrolls of summoning
 O - 4 scrolls of remove curse
 R - 4 scrolls of fog
 T - a scroll of blinking
 U - 3 scrolls of silence
Potions
 e - 4 potions of haste
 h - a potion of flight
 k - 3 potions of heal wounds
 l - 7 potions of lignification
 u - 3 potions of resistance
 E - a potion of invisibility
 M - a potion of might
 Q - 5 potions of curing
 X - 4 potions of agility
Miscellaneous
 q - a lightning rod (4/4)
Comestibles
 c - 22 rations


   Skills:
 + Level 15.3 Fighting
 * Level 20.3 Axes
 + Level 15.0 Armour
 + Level 14.0 Dodging
 + Level 10.0 Evocations


You had 15 spell levels left.
You didn't know any spells.

Dungeon Overview and Level Annotations

Branches:
Dungeon (15/15)            Temple (0/1) D:5            Lair (6/6) D:10
  Swamp (4/4) Lair:4        Snake (0/4) Lair:4        Slime (0/5) Lair:6
    Orc (2/2) D:10            Elf (0/3) Orc:2        Vaults (0/5) D:13
 Depths (0/5) D:15

Altars:
Ashenzari
Cheibriados
Dithmenos
Fedhas
Gozag
Makhleb
Nemelex Xobeh
Okawaru
Qazlal
Trog
Uskayaw
Vehumet
Xom
Yredelemnul
The Shining One
Jiyva

Shops:
D:6 =   D:10 %   D:15 (   Orc:1 *   Orc:2 =:(?*

Portals:
Pandemonium: Orc:2

Annotations:
Swamp:1 2 transporters
Swamp:4 Lernaean hydra


Innate Abilities, Weirdness & Mutations

You reflexively headbutt those who attack you in melee.
You have a pair of horns on your head.


Message History

Unknown command.
You barely miss the 24-headed Lernaean hydra.
You headbutt the 24-headed Lernaean hydra!
The 24-headed Lernaean hydra is almost dead.
You slash the thorn hunter! You burn the thorn hunter!
The 24-headed Lernaean hydra bites you but does no damage.
The 24-headed Lernaean hydra barely misses you.
The 24-headed Lernaean hydra bites you but does no damage.
The 24-headed Lernaean hydra bites you.
* * * LOW HITPOINT WARNING * * *
The 24-headed Lernaean hydra closely misses you.
The 24-headed Lernaean hydra bites you but does no damage. x2
The 24-headed Lernaean hydra closely misses you.
The 24-headed Lernaean hydra bites you but does no damage.
The 24-headed Lernaean hydra bites you.
* * * LOW HITPOINT WARNING * * *
The 24-headed Lernaean hydra bites you but does no damage.
You block the 24-headed Lernaean hydra's attack.
The 24-headed Lernaean hydra bites you!
You die...

≈≈≈≈≈≈≈.≈≈≈.)≈≈.≈≈≈..≈.≈..≈..≈.♣♣
≈≈≈≈≈≈......≈≈..≈≈≈≈♣.♣.≈..≈..≈.♣
≈≈≈≈≈≈≈...≈.....≈..≈...#♣.≈.≈..♣♣
≈≈.≈≈≈≈≈..#.≈≈....♣≈....♣......≈♣
≈.≈.≈≈....≈..≈...♣♣≈≈≈≈≈≈≈.≈♣♣.♣♣
≈...≈≈....♣.♣≈≈..≈♣♣♣...#≈≈≈#≈≈≈♣
≈♣.≈≈≈.≈#≈≈♣≈♣♣.§.)♣♣♣#≈≈♣≈≈≈≈≈≈♣
..≈≈≈≈≈♣♣≈.f.#.♣ ≈≈♣♣≈≈≈≈≈♣♣ .≈≈♣
♣.#.@†#§.♣♣≈♣♣♣≈≈≈≈♣ ≈(≈
♣≈#≈D###≈♣♣♣♣ ♣≈#≈♣♣ .###.## ##
#♣♣♣♣ ♣≈##...# ♣♣#≈≈.≈#
#≈..≈###≈≈≈ #≈≈?≈≈≈≈≈..
#≈≈≈k##≈≈≈≈. #≈≈≈.≈ ≈≈≈.≈


You could see the 24-headed Lernaean hydra, a thorn hunter and a swamp drake.

Vanquished Creatures
  Rupert (Lair:5)
  A thorn hunter (Swamp:1)
  The ghost of mtoz the Severer, an adept MiBe of Trog (Swamp:4)
  Louise (Swamp:2)
  The ghost of Lovchig the Severer, a journeyman DDFi of Wu Jian (D:15)
  Snorg (D:12)
  A fire dragon (D:15)
  An ice dragon (D:15)
  11 hydras
  A catoblepas (Lair:6)
  Harold (Lair:4)
  A rakshasa (D:13)
  A ghost crab (Swamp:3)
  11 two-headed ogres
  An ogre mage (D:13)
  3 centaur warriors
  2 tengu warriors
  5 alligators
  11 death yaks (Lair:6)
  A deep troll shaman (Lair:6)
  7 orc high priests (Orc:2)
  A sixfirhy (Orc:2)
  11 skeletal warriors
  A torturous demonspawn (Orc:2)
  2 spriggan druids (Swamp:4)
  An infernal demonspawn (Orc:2)
  2 shambling mangroves
  3 unseen horrors
  10 swamp dragons
  A lindwurm (Lair:2)
  2 deep elf magi
  Pikel (D:7)
  9 orc knights
  An oklob plant (Lair:1)
  5 orc sorcerers (Orc:2)
  A manticore (D:13)
  15 elephants
  A salamander (shapeshifter) (D:14)
  2 cyclopes
  11 ugly things
  5 black mambas
  Joseph (D:7)
  18 spiny frogs
  A gargoyle (D:11)
  An orange demon (Orc:2)
  2 kobold demonologists (D:10)
  3 rime drakes
  5 komodo dragons
  A red devil (Orc:2)
  3 tengu conjurers
  5 trolls
  4 tyrant leeches
  6 hornets
  3 polar bears
  4 slime creatures (Swamp:2)
  13 blink frogs
  7 bog bodies
  11 hippogriffs
  6 shadows
  A vampire (D:13)
  A spriggan (shapeshifter) (D:15)
  5 spriggans
  2 wyverns
  29 yaks
  3 wraiths
  A golden eye (shapeshifter) (D:15)
  A chaos spawn (Orc:2)
  A basilisk (Lair:3)
  A steam dragon (D:11)
  13 vampire mosquitoes
  A hog (shapeshifter) (D:13)
  4 wargs
  17 insubstantial wisps
  16 swamp worms
  9 water moccasins
  An acid dragon (D:15)
  10 porcupines
  9 swamp drakes
  A hornet zombie (D:9)
  2 necrophages
  6 sky beasts
  2 phantoms
  3 black bears
  An eye of draining (D:7)
  4 ice beasts
  52 orc warriors
  13 centaurs
  14 ogres
  7 wolves (Lair:6)
  15 crocodiles
  5 big kobolds
  15 bullfrogs
  5 scorpions
  22 killer bees
  6 howler monkeys
  24 wights
  An electric eel (D:10)
  12 crimson imps
  3 centaur zombies
  2 gnoll shamans (D:10)
  2 bullfrog zombies (D:7)
  9 hounds
  2 jellies
  32 orc priests
  32 orc wizards
  2 centaur skeletons
  5 iguanas
  11 worker ants
  A hell rat (Lair:6)
  A hound zombie (D:6)
  2 hound skeletons
  A worker ant zombie (D:6)
  18 adders
  24 gnolls
  5 shadow imps
  An ooze (D:1)
  3 adder zombies
  4 adder skeletons
  2 worms
  3 dart slugs
  7 leopard geckos
  115 orcs
  24 giant cockroaches
  10 goblins
  8 hobgoblins
  16 jackals
  5 quokkas
  2 ball pythons
  10 bats
  2 frilled lizards
  20 kobolds
  2 quokka skeletons
  9 rats
  A briar patch (Swamp:1)
  8 fungi
  3 plants
985 creatures vanquished.

Vanquished Creatures (collateral kills)
  An orc sorcerer (Orc:2)
  A rust devil (Orc:2)
  A slime creature (Swamp:2)
  A chaos spawn (Orc:2)
  An orc priest (Orc:2)
5 creatures vanquished.

Vanquished Creatures (others)
  A red draconian (Volcano)
  A yak (D:11)
  A centaur (D:7)
  A hound zombie (D:7)
  An adder skeleton (D:7)
  A kobold (D:10)
  7 fungi
  6 plants
19 creatures vanquished.

Grand Total: 1009 creatures vanquished

Notes
Turn   | Place    | Note
-------+----------+-------------------------------------------
     0 | D:1      | Megalobster the Minotaur Berserker began the quest for the Orb.
     0 | D:1      | Reached XP level 1. HP: 19/19 MP: 0/0
   125 | D:1      | Reached XP level 2. HP: 25/27 MP: 1/1
   180 | D:1      | Reached skill level 4 in Axes
   214 | D:1      | You fall through a shaft!
   366 | D:2      | Found a sparkling altar of Nemelex Xobeh.
   725 | D:1      | Reached XP level 3. HP: 33/33 MP: 2/2
   732 | D:1      | Reached ** piety under Trog
  1156 | D:2      | Found a shadowy altar of Dithmenos.
  1176 | D:2      | Found an opulent altar of Gozag.
  1213 | D:2      | Reached XP level 4. HP: 21/40 MP: 3/3
  1452 | D:2      | Found a glowing golden altar of the Shining One.
  1540 | D:2      | Reached skill level 5 in Axes
  1847 | D:2      | Reached XP level 5. HP: 36/47 MP: 4/4
  2368 | D:3      | Reached *** piety under Trog
  2809 | D:3      | Found a shattered altar of Ashenzari.
  2876 | D:3      | Found a blossoming altar of Fedhas.
  3030 | D:4      | Reached XP level 6. HP: 52/55 MP: 5/5
  3109 | D:3      | Reached skill level 5 in Fighting
  3184 | D:4      | Reached **** piety under Trog
  3335 | D:4      | Reached skill level 6 in Axes
  3541 | D:4      | Found a basalt altar of Yredelemnul.
  3576 | D:4      | Got an agate-encrusted scale mail
  3587 | D:4      | Identified the cursed +0 scale mail of the Black Skies {rPois rF+++ MR- Str+2} (You found it on level 4 of the Dungeon)
  3775 | D:4      | Found a hide-covered altar of Uskayaw.
  3846 | D:4      | Found a bloodstained altar of Trog.
  3847 | D:4      | Found an iron altar of Okawaru.
  4041 | D:5      | Entered Level 5 of the Dungeon
  4139 | D:5      | Reached XP level 7. HP: 57/61 MP: 6/6
  4307 | D:5      | Found a staircase to the Ecumenical Temple.
  4406 | D:5      | Reached skill level 7 in Axes
  4437 | D:5      | Reached skill level 5 in Armour
  5205 | D:6      | Reached skill level 5 in Dodging
  5233 | D:6      | Reached XP level 8. HP: 56/70 MP: 7/7
  5233 | D:6      | Reached skill level 8 in Axes
  5502 | D:6      | Found a shimmering altar of Xom.
  5533 | D:6      | Found a burning altar of Makhleb.
  5742 | D:6      | Found Xero Vuwku's Jewellery Emporium.
  5798 | D:6      | Reached skill level 9 in Axes
  6411 | D:7      | Noticed a two-headed ogre
  6416 | D:7      | Killed a two-headed ogre
  6416 | D:7      | Reached skill level 10 in Axes
  6416 | D:7      | Reached XP level 9. HP: 80/80 MP: 8/8
  6509 | D:7      | Noticed Pikel
  6514 | D:7      | Killed Pikel
  6534 | D:7      | Reached skill level 11 in Axes
  6543 | D:7      | Noticed Joseph
  6579 | D:7      | Killed Joseph
  6579 | D:7      | Reached XP level 10. HP: 60/90 MP: 5/9
  6877 | D:7      | Got a flickering bronze ring
  6879 | D:7      | Got an encrusted battleaxe
  6908 | D:7      | Identified the +4 battleaxe of Surr {flame, +Blink rPois Dex+4 Stlth+} (You found it on level 7 of the Dungeon)
  6975 | D:7      | Noticed a two-headed ogre
  6977 | D:7      | Killed a two-headed ogre
  6982 | D:7      | Found a blossoming altar of Fedhas.
  6984 | D:7      | Found a stormy altar of Qazlal.
  7440 | D:8      | Received a gift from Trog
  7475 | D:7      | Reached skill level 12 in Axes
  7713 | D:8      | Noticed a two-headed ogre
  7721 | D:8      | Killed a two-headed ogre
  7832 | D:8      | Found a snail-covered altar of Cheibriados.
  8451 | D:9      | Reached skill level 1 in Evocations
  8823 | D:10     | Entered Level 10 of the Dungeon
  8823 | D:10     | Found a staircase to the Orcish Mines.
  8840 | D:10     | Reached XP level 11. HP: 99/99 MP: 8/11
  8886 | D:10     | Found a staircase to the Lair.
  8897 | D:10     | Reached skill level 10 in Fighting
  8901 | D:10     | Reached skill level 13 in Axes
  8972 | D:10     | Reached ***** piety under Trog
  8989 | D:10     | Noticed a two-headed ogre
  8996 | D:10     | Killed a two-headed ogre
  9144 | D:10     | Found Kixaiwk's Food Shop.
  9380 | D:10     | Reached skill level 10 in Armour
 10275 | D:10     | Identified the ring "Def Sui" {Dex+2 Stlth+} (You found it on level 7 of the Dungeon)
 10321 | Lair:1   | Entered Level 1 of the Lair of Beasts
 10321 | Lair:1   | Noticed an oklob plant
 10330 | Lair:1   | Killed an oklob plant
 10532 | Lair:1   | Reached skill level 14 in Axes
 11078 | Lair:1   | You fall through a shaft!
 11335 | Lair:2   | Found a dark tunnel.
 11335 | Lair:2   | Noticed a lindwurm
 11343 | Lair:2   | Killed a lindwurm
 11343 | Lair:2   | Reached XP level 12. HP: 82/108 MP: 10/13
 11421 | Volcano  | Entered a volcano
 11443 | Volcano  | Noticed a centaur warrior
 11450 | Volcano  | Killed a centaur warrior
 11557 | Volcano  | Noticed a red draconian
 11569 | Volcano  | Killed a red draconian
 12167 | Lair:3   | Reached skill level 10 in Dodging
 12330 | Lair:3   | Reached skill level 15 in Axes
 12705 | Lair:3   | Reached skill level 5 in Evocations
 13332 | Lair:4   | Noticed Harold
 13340 | Lair:4   | Killed Harold
 13451 | Lair:4   | Received a gift from Trog
 13465 | Lair:4   | Got a faintly glowing scale mail
 13466 | Lair:4   | Identified the +6 scale mail "Laki" {rF+} (You found it on level 4 of the Lair of Beasts)
 13693 | Lair:4   | Found a staircase to the Snake Pit.
 13917 | Lair:4   | Found a staircase to the Swamp.
 14145 | Lair:5   | Noticed Rupert
 14156 | Lair:5   | Killed Rupert
 14156 | Lair:5   | Reached XP level 13. HP: 92/118 MP: 16/16
 14663 | Lair:5   | Reached skill level 16 in Axes
 15174 | Lair:6   | Entered Level 6 of the Lair of Beasts
 15403 | Lair:6   | Found a viscous altar of Jiyva.
 15933 | Lair:6   | Found a staircase to the Slime Pits.
 16147 | Lair:6   | Reached skill level 17 in Axes
 16206 | Lair:6   | Reached XP level 14. HP: 127/127 MP: 18/18
 16996 | Orc:1    | Entered Level 1 of the Orcish Mines
 17379 | Orc:1    | Found Perhoz's Assorted Antiques.
 17383 | Orc:1    | Bought a scroll labeled FOSTE ZOFOA for 20 gold pieces
 17383 | Orc:1    | Bought a fuming coppery potion for 18 gold pieces
 17383 | Orc:1    | Bought a scroll of identify for 40 gold pieces
 17389 | Orc:1    | Found a radiant altar of Vehumet.
 17516 | Orc:2    | Entered Level 2 of the Orcish Mines
 17773 | Orc:2    | Received a gift from Trog
 18013 | Orc:2    | Found Mesucatt's Jewellery Shoppe.
 18049 | Orc:2    | Found a staircase to the Elven Halls.
 18627 | Orc:2    | Found Wufed's Magic Scroll Shop.
 18630 | Orc:2    | Found Igrybbeu's General Store.
 18751 | Orc:2    | Paralysed by an orc sorcerer for 4 turns
 19081 | Orc:2    | Received a gift from Trog
 19122 | Orc:2    | Paralysed by an orc sorcerer for 6 turns
 19205 | Orc:2    | Reached skill level 18 in Axes
 19415 | Orc:2    | Bought a scroll of identify for 28 gold pieces
 19415 | Orc:2    | Bought a scroll of remove curse for 42 gold pieces
 19415 | Orc:2    | Bought a potion of curing for 42 gold pieces
 19415 | Orc:2    | Bought a scroll of identify for 28 gold pieces
 19417 | Orc:2    | Bought a scroll of identify for 26 gold pieces
 19417 | Orc:2    | Bought a scroll of blinking for 97 gold pieces
 19417 | Orc:2    | Bought a scroll of silence for 97 gold pieces
 19417 | Orc:2    | Bought a scroll of identify for 26 gold pieces
 19417 | Orc:2    | Bought 2 scrolls of remove curse for 78 gold pieces
 19417 | Orc:2    | Bought a scroll of remove curse for 39 gold pieces
 19495 | Orc:2    | Found Zuuc's Book Emporium.
 19495 | Orc:2    | Found a one-way gate leading to the halls of Pandemonium.
 19495 | Orc:2    | Found Uqug's Antique Weapon Shoppe.
 20829 | D:12     | Reached XP level 15. HP: 122/137 MP: 20/20
 20936 | D:12     | Noticed Snorg
 20946 | D:12     | Killed Snorg
 21360 | D:13     | Received a gift from Trog
 21942 | D:13     | Found a gate to the Vaults.
 22654 | D:14     | Received a gift from Trog
 23011 | D:14     | Reached skill level 19 in Axes
 23168 | D:15     | Entered Level 15 of the Dungeon
 23244 | D:15     | Noticed Lovchig's ghost (journeyman DDFi)
 23254 | D:15     | Killed Lovchig's ghost
 23559 | D:15     | Found a staircase to the Depths.
 23733 | D:15     | Found Dilay's Weapon Boutique.
 24047 | Swamp:1  | Entered Level 1 of the Swamp
 24151 | Swamp:1  | Noticed a thorn hunter
 24174 | Swamp:1  | Killed a thorn hunter
 24174 | Swamp:1  | Reached XP level 16. HP: 147/147 MP: 21/21
 24287 | Swamp:1  | Received a gift from Trog
 24356 | Swamp:1  | Found a transporter.
 24441 | Swamp:1  | Found a transporter.
 24927 | Swamp:2  | Noticed Louise
 24944 | Swamp:2  | Killed Louise
 25650 | Swamp:3  | Reached skill level 15 in Fighting
 26140 | Swamp:4  | Entered Level 4 of the Swamp
 26150 | Swamp:4  | Reached skill level 20 in Axes
 26661 | Swamp:4  | Noticed mtoz's ghost (adept MiBe)
 26685 | Swamp:4  | Killed mtoz's ghost
 27102 | Swamp:4  | Reached skill level 10 in Evocations
 27152 | Swamp:4  | Noticed a thorn hunter
 27159 | Swamp:4  | Reached skill level 15 in Armour
 27162 | Swamp:4  | Noticed the 27-headed Lernaean hydra
 27169 | Swamp:4  | HP: 8/223 [the 24-headed Lernaean hydra (4)]
 27169 | Swamp:4  | Mangled by the 24-headed Lernaean hydra

Skill      XL: |  1  2  3  4  5  6  7  8  9 10 11 12 13 14 15 16 |
---------------+-------------------------------------------------+-----
Axes           | 4 5 6 7 10 11 12 14 15 17 18 19 20 | 20.3
Fighting       | 4 5 6 7 8 9 10 12 13 14 15 | 15.3
Armour         | 3 4 5 7 8 9 10 11 12 13 14 15 | 15.0
Dodging        | 3 4 5 6 7 8 9 10 11 12 13 14 | 14.0
Evocations     | 1 3 5 6 8 9 10 | 10.0

Action                   |  1- 3 |  4- 6 |  7- 9 | 10-12 | 13-15 | 16-18 || total
-------------------------+-------+-------+-------+-------+-------+-------++-------
Melee: Hand axe          |    84 |   188 |   169 |       |       |       ||   441
       Headbutt          |    10 |    29 |    48 |   104 |   217 |    78 ||   486
       War axe           |       |       |    48 |    26 |       |       ||    74
       Battleaxe         |       |       |       |   427 |   897 |   313 ||  1637
       Executioner's axe |       |       |       |       |     3 |       ||     3
Throw: Tomahawk          |       |       |       |       |     1 |       ||     1
Invok: Berserk           |     2 |     9 |     8 |    14 |    24 |     8 ||    65
       Trog's Hand       |       |     2 |    10 |    18 |    28 |     6 ||    64
       Burn Spellbooks   |       |     1 |       |       |     2 |       ||     3
       Brothers in Arms  |       |       |       |       |     2 |     1 ||     3
 Abil: Evoke Blink       |       |       |       |       |     1 |       ||     1
  Use: Scroll            |       |     5 |     4 |    15 |    10 |       ||    34
       Potion            |       |     2 |     1 |       |     1 |     1 ||     5
 Stab: Sleeping          |       |       |       |       |     1 |       ||     1
  Eat: Chunk             |     3 |    15 |    11 |    32 |    38 |     9 ||   108
       Ration            |       |     1 |     2 |     3 |     9 |     3 ||    18
Armor: Animal skin       |    16 |    21 |       |       |       |       ||    37
       Scale mail        |       |    23 |   107 |   150 |   181 |    76 ||   537
Dodge: Dodged            |    57 |    82 |   105 |   270 |   601 |   252 ||  1367
Block: Buckler           |    12 |    11 |    18 |     2 |       |       ||    43
       Other             |       |       |       |    40 |   193 |    67 ||   300
       Reflection        |       |       |       |       |     9 |       ||     9
